 Dungeon Crawl Stone Soup version 0.29-a0-993-g4a18f31a58 (webtiles) character file.

Game seed: 816304432217201328

3297 JanusColdHeart the Conjurer (level 9, -3/71 HPs)
             Began as a Grey Draconian Conjurer on Aug 2, 2022.
             Was a Follower of Vehumet.
             Slain by a two-headed ogre
             ... wielding a +0 giant club
              (15 damage)
             ... on level 7 of the Dungeon.
             The game lasted 01:03:18 (8571 turns).

JanusColdHeart the Conjurer (DrCj)                  Turns: 8571, Time: 01:03:19

Health: -3/71      AC: 12    Str:  9    XL:     9   Next: 70%
Magic:  15/27      EV: 13    Int: 22    God:    Vehumet [*.....]
Gold:   427        SH:  0    Dex: 11    Spells: 13/20 levels left

rFire   . . .      SeeInvis .   g - +0 spear
rCold   . . .      Faith    .   (no shield)
rNeg    . . .      Spirit   .   (body armour unavailable)
rPois   .          Reflect  .   (helmet restricted)
rElec   .          Harm     .   (no cloak)
rCorr   .          Rampage  .   (no gloves)
Will    .....                   (no boots)
Stlth   ++........              f - amulet of regeneration
HPRegen 1.01/turn               d - ring of wizardry
MPRegen 0.20/turn               t - ring of magical power

@: no status effects
A: AC +12, amphibious, unfitting armour, cold-blooded
a: Renounce Religion


You were on level 7 of the Dungeon.
You worshipped Vehumet.
Vehumet was aware of your devotion.
You visited 2 branches of the dungeon, and saw 9 of its levels.

You collected 449 gold pieces.
You spent 22 gold pieces at shops.

Inventory:

Hand Weapons
 g - a +0 spear (weapon)
 l - a +2 mace of holy wrath
 u - a +4 flail of holy wrath
Jewellery
 d - a ring of wizardry (left hand)
 f - an amulet of regeneration (around neck)
 o - an amulet of the acrobat
 t - a ring of magical power (right hand)
 z - a +6 ring of intelligence
Wands
 q - a wand of mindburst (8)
 E - a wand of charming (11)
Scrolls
 b - a scroll of fog
 j - 3 scrolls of teleportation {unknown}
 v - 2 scrolls of silence
 x - 2 scrolls of enchant weapon {unknown}
 y - 5 scrolls of identify
 B - a scroll of brand weapon {unknown}
Potions
 a - a potion of magic
 c - a potion of berserk rage
 e - 4 potions of lignification
 h - a potion of curing {unknown}
 k - 2 potions of resistance {unknown}
 m - 4 potions of haste
 n - a potion of ambrosia {unknown}
 p - a potion of might
 r - 2 potions of flight {unknown}
 s - 2 potions of cancellation {unknown}
 w - 3 potions of heal wounds {unknown}
 A - a potion of brilliance {unknown}
 C - a potion of invisibility {unknown}
 D - a potion of mutation {unknown}


   Skills:
 + Level 4.0 Fighting
 + Level 5.7 Polearms
 + Level 5.2 Dodging
 + Level 4.3 Stealth
 + Level 6.4 Spellcasting
 + Level 7.8 Conjurations
 + Level 1.3 Hexes


You had 13 spell levels left.
You knew the following spells:

 Your Spells              Type           Power      Damage    Failure   Level
a - Magic Dart            Conj           100%       1d8       1%          1
b - Searing Ray           Conj           82%        2d7       1%          2
c - Dazzling Flash        Conj/Hex       54%        N/A       1%          3
d - Slow                  Hex            52%        N/A       1%          1

Your spell library contained the following spells:

 Spells                   Type           Power      Damage    Failure   Level
 Freeze                   Ice            28%        1d5       3%          1
 Fulminant Prism          Conj/Hex       13%        3d9       5%          4
 Confusing Touch          Hex            13%        N/A       6%          3
 Iskenderun's Mystic Bla  Conj/Tloc      24%        2d7       7%          4
 Vampiric Draining        Necr           7%         2d6       11%         3
 Irradiate                Conj/Tmut      12%        3d15      19%         5
 Blade Hands              Tmut           3%         N/A       65%         5
 Dragon Form              Tmut           3%         N/A       100%        7


Dungeon Overview and Level Annotations

Branches:
Dungeon (8/15)             Temple (1/1) D:5
   Lair: D:8-11

Altars:
Ashenzari
Cheibriados
Fedhas
Makhleb
Qazlal
Trog
Vehumet
Wu Jian
Yredelemnul
Zin
The Shining One

Shops:
D:1 ?   D:4 :   D:6 (

Annotations:
D:5 3 runed translucent doors, Aviak's ghost, novice DjCj


Innate Abilities, Weirdness & Mutations

Your dull iron-grey scales are very hard. (AC +12)
You are amphibious.
You cannot fit into any form of body armour.
You are cold-blooded and may be slowed by cold attacks.


Message History

Casting: Slow (safe; 1% risk of failure)
Confirm with . or Enter, or press ? or * to list all spells.
Aiming: Searing Ray (safe; 1% risk of failure)
Press: ? - help, Shift-Dir - straight line, f/p - two-headed ogre
Aim: a two-headed ogre, wielding a +0 giant club and a +0 giant spiked club (blind, slow, 91% to hit)
The searing ray hits the two-headed ogre!
The two-headed ogre is lightly wounded. (Press . to maintain the ray.)
The searing ray hits the two-headed ogre.
The two-headed ogre is moderately wounded.
The two-headed ogre hits you with a +0 giant club!
The two-headed ogre barely misses you.
The searing ray hits the two-headed ogre.
The two-headed ogre is moderately wounded.
The searing ray hits the two-headed ogre.
The two-headed ogre is heavily wounded.
You finish channelling your searing ray.
The two-headed ogre is no longer blind.
The two-headed ogre completely misses you.
The two-headed ogre hits you with a +0 giant spiked club!!
Casting: Searing Ray (safe; 1% risk of failure)
Confirm with . or Enter, or press ? or * to list all spells.
Aiming: Searing Ray (safe; 1% risk of failure)
Press: ? - help, Shift-Dir - straight line, f/p - two-headed ogre
Aim: a two-headed ogre, wielding a +0 giant club and a +0 giant spiked club (heavily wounded, slow, 91% to hit)
The searing ray hits the two-headed ogre.
The two-headed ogre is heavily wounded. (Press . to maintain the ray.)
The searing ray hits the two-headed ogre.
The two-headed ogre is severely wounded.
The two-headed ogre closely misses you.
The two-headed ogre hits you with a +0 giant spiked club.
The searing ray hits the two-headed ogre!
The two-headed ogre is severely wounded.
The searing ray misses the two-headed ogre.
You finish channelling your searing ray.
The two-headed ogre hits you with a +0 giant club!!
* * * LOW HITPOINT WARNING * * *
The two-headed ogre hits you with a +0 giant spiked club!
You die...

.##.##.##.# #.## ##.#.# #
.##รท##.##.# #..# #.#.### #
..>.......# ##.# #.#...# #
###.##.#### #.# ##.###.# # #.#
.## #.# #...##.# #.# ..# #.#
#...##.# #.# #.# #.####...##.#
#(###.# #.#.........# #.#...#
#.#@O.......# #.#...###
#.#.........########
#.......####.##(#...####.......
#....#........(......# #.######
#.......#########....# #.#
#.......# ##.#.###.######
#.......# #.............
#.......# ##############
#.......#


You could see a two-headed ogre (slow).

Vanquished Creatures
  Grinder (D:3)
  Sigmund (D:5)
  A wyvern (D:7)
  2 steam dragons
  Edmund (D:5)
  3 water moccasins
  Duvessa (D:5)
  3 black bears
  A sky beast (D:7)
  2 centaurs
  A phantom (D:4)
  4 kobold brigands
  Blork the orc (D:4)
  3 bullfrogs
  Dowan (D:5)
  4 hounds
  3 jellies
  3 orc priests
  3 iguanas
  Ijyb (D:5)
  Natasha (thrice) (D:2)
  7 orc wizards
  Robin (D:2)
  6 adders
  2 shadow imps
  A white imp (D:5)
  A worm (D:4)
  15 orcs
  7 ball pythons
  4 bats
  6 endoplasms
  4 giant cockroaches
  16 goblins
  8 hobgoblins
  3 jackals (D:3)
  4 quokkas
  3 frilled lizards
  28 kobolds
  3 rats
162 creatures vanquished.

Notes
Turn   | Place    | Note
-------+----------+-------------------------------------------
     0 | D:1      | JanusColdHeart the Draconian Conjurer began the quest for
                  | the Orb.
     0 | D:1      | Reached XP level 1. HP: 14/14 MP: 3/3
   314 | D:1      | Reached XP level 2. HP: 20/20 MP: 1/5
   317 | D:1      | Learned a level 2 spell: Searing Ray
   357 | D:1      | Found Veerghuzi's Magic Scroll Shoppe.
   367 | D:1      | Bought a scroll of identify for 22 gold pieces
   776 | D:1      | Identified a scroll of acquirement
   776 | D:1      | Acquired an amulet of regeneration
   928 | D:2      | Reached XP level 3. HP: 27/27 MP: 0/6
  1352 | D:2      | Noticed Robin
  1492 | D:2      | Noticed Natasha
  1501 | D:2      | Killed Natasha
  1502 | D:2      | Reached skill level 1 in Polearms
  1502 | D:2      | Reached XP level 4. HP: 33/34 MP: 2/7
  1617 | D:2      | Noticed Natasha
  1634 | D:2      | Killed Natasha
  1635 | D:2      | Reached skill level 5 in Conjurations
  1741 | D:2      | Killed Robin
  1742 | D:2      | Reached skill level 1 in Fighting
  1891 | D:2      | Noticed Natasha
  1898 | D:2      | Killed Natasha
  1899 | D:2      | Reached XP level 5. HP: 39/40 MP: 1/9
  2306 | D:3      | Found a faded altar of an unknown god.
  2337 | D:3      | Noticed Grinder
  2605 | D:4      | Noticed a black bear
  2610 | D:4      | Killed a black bear
  2970 | D:4      | Noticed Blork the orc
  2978 | D:4      | Killed Blork the orc
  2979 | D:4      | Reached XP level 6. HP: 43/47 MP: 2/11
  3078 | D:4      | Found Hackunek's Book Emporium.
  3720 | D:3      | Paralysed by Grinder for 3 turns
  3724 | D:3      | Killed Grinder
  3725 | D:3      | Reached skill level 6 in Conjurations
  3725 | D:3      | Your scales start taking on a dull iron-grey colour.
  3725 | D:3      | Reached XP level 7. HP: 40/52 MP: 0/13
  4359 | D:4      | Learned a level 3 spell: Dazzling Flash
  4360 | D:5      | Entered Level 5 of the Dungeon
  4510 | D:5      | Noticed Sigmund
  4687 | D:5      | Noticed Ijyb
  4697 | D:5      | Killed Ijyb
  4755 | D:5      | Found a staircase to the Ecumenical Temple.
  4850 | Temple   | Entered the Ecumenical Temple
  4930 | Temple   | Became a worshipper of Vehumet
  5161 | D:5      | Noticed Edmund
  5287 | D:6      | Reached skill level 5 in Spellcasting
  5287 | D:6      | Reached XP level 8. HP: 61/61 MP: 15/15
  5366 | D:5      | Killed Edmund
  5761 | D:6      | Found Uxuj's Weapon Shoppe.
  5890 | D:6      | Reached skill level 7 in Conjurations
  5961 | D:6      | Reached * piety under Vehumet
  5961 | D:6      | Offered knowledge of Freeze by Vehumet.
  6448 | D:5      | Killed Sigmund
  6548 | D:5      | Reached skill level 1 in Hexes
  6581 | D:5      | Noticed Dowan
  6614 | D:5      | Noticed Duvessa
  6628 | D:5      | Killed Dowan
  6636 | D:5      | Killed Duvessa
  6637 | D:5      | Reached XP level 9. HP: 25/70 MP: 13/17
  6753 | D:5      | Found a runed translucent gate.
  6764 | D:5      | Found a runed translucent gate.
  6765 | D:5      | Found a runed translucent gate.
  6766 | D:5      | Identified the +0 mace "Joamiowy" {venom, rElec rCorr
                  | Stlth-}
  6767 | D:5      | Noticed Aviak's ghost (novice DjCj)
  7231 | D:6      | Learned a level 1 spell: Slow
  7440 | D:7      | Reached skill level 5 in Polearms
  7861 | D:8      | Noticed a two-headed ogre
  8249 | D:7      | Reached skill level 5 in Dodging
  8376 | D:8      | Found a bloodstained altar of Trog.
  8571 | D:7      | Slain by a two-headed ogre

Illustrated notes

Levels and vault maps discovered:
D:1:      heliophobic_arrival_glass_houses, layout_rooms, serial_shops, shop,
          minmay_pentomino_t4
D:2:      layout_rooms, minmay_split_cup_small, uniq_natasha, uniq_robin
D:3:      minmay_spotlight, layout_loops_ring,
          hellmonk_ecumenical_altar_zigzags,
          nicolae_concentric_dashed_squares_wild, uniq_grinder
D:4:      layout_rooms, serial_shops, shop, uniq_blork_the_orc
D:5:      layout_cave_pods, minmay_temple_entry_sparse_star,
          biasface_ghost_orc_armoury, chequers_avenue, uniq_ijyb, uniq_sigmund,
          uniq_duvessa, uniq_edmund
D:6:      layout_rooms, serial_shops, shop, minmay_misc_feat_pillars,
          amcnicky_mini_corridor_feature
D:7:      layout_loops_ring
D:8:      layout_rooms, trog_ov_bears_minmay, erik_lair_orcish_takeover,
          supply_closet_lemuel, uniq_psyche
Temple:   mainiacjoe_temple_archimedes_tessellation

Skill      XL: |  1  2  3  4  5  6  7  8  9 |
---------------+----------------------------+-----
Stealth        | 2 3 4 |  4.3
Polearms       | 1 2 3 4 5 |  5.7
Dodging        | 2 4 5 |  5.2
Conjurations   | 5 6 7 |  7.8
Fighting       | 1 2 3 4 |  4.0
Spellcasting   | 3 4 5 6 |  6.4
Hexes          | 1 |  1.3

Action                   |  1- 3 |  4- 6 |  7- 9 || total
-------------------------+-------+-------+-------++-------
Melee: Club              |     4 |       |       ||     4
       Tailslap          |     2 |     3 |    20 ||    25
       Spear             |    35 |    17 |   199 ||   251
       Punch             |       |       |     2 ||     2
 Cast: Magic Dart        |    54 |    50 |    69 ||   173
       Searing Ray       |     6 |    15 |    49 ||    70
       Dazzling Flash    |       |       |    17 ||    17
       Slow              |       |       |     1 ||     1
  Use: Scroll            |     7 |     1 |     3 ||    11
 Stab: Sleeping          |       |     1 |     2 ||     3
       Invisible         |       |       |     6 ||     6
Armor: Skin              |    13 |    10 |   189 ||   212
Dodge: Dodged            |    37 |    22 |   217 ||   276

Table legend: (Time is in decaauts)
 A = Elapsed time spent in this place.
 B = Non-inter-level travel time spent in this place.
 C = Inter-level travel time spent in this place.
 D = Time resting spent in this place.
 E = Time spent auto-exploring this place.
 F = Levels seen in this place.
 G = Mean time per level.
                   A        B        C        D        E       F      G
               +--------+--------+--------+--------+--------+-----+--------+
         Total |   8600 |   7674 |    926 |   2493 |   3634 |   9 |  955.6 |
       Dungeon |   8462 |   7600 |    862 |   2493 |   3569 |   8 | 1057.8 |
        Temple |    138 |     74 |     64 |      0 |     65 |   1 |  138.0 |
               +--------+--------+--------+--------+--------+-----+--------+

Top non-repeatable levels by time:
     D:5: 1923 daAuts
     D:3: 1319 daAuts
     D:7: 1187 daAuts
     D:2: 1166 daAuts
     D:4: 1113 daAuts
     D:1: 984 daAuts
     D:6: 605 daAuts
     D:8: 160 daAuts
  Temple: 138 daAuts
